 Dungeon Crawl Stone Soup version 0.20-a0-809-gaf7f668 (webtiles) character file.

1024 Alarkh the Slasher (level 8, 54/54 HPs)
             Began as a Demonspawn Fighter on Mar 2, 2017.
             Quit the game on level 5 of the Dungeon.
             The game lasted 00:05:55 (4489 turns).

Alarkh the Slasher (Demonspawn Fighter)             Turns: 4489, Time: 00:05:56

Health: 54/54      AC: 11    Str: 18    XL:     8   Next: 2%
Magic:  8/8        EV:  9    Int: 12    God:
Gold:   122        SH: 10    Dex: 15    Spells: 7/7 levels left

rFire    + + .     SeeInvis .   a - +2 long sword
rCold    . . .     Gourm    .   b - +0 scale mail
rNeg     . . .     Faith    .   c - +0 shield
rPois    .         Spirit   .   (no helmet)
rElec    .         Reflect  .   n - +0 cloak
rCorr    .         Harm     .   j - +0 pair of gloves
MR       .....     Clarity  +   m - +0 pair of boots Stlth ..........Rnd*Tele +
                                d - amulet of rage
Regen    0.2/turn               (no ring)
MPRegen  0.2/turn               l - ring of protection from fire

@: exhausted, slowed, very slow
A: talons 1, agile 1, clarity, demonic guardian 1, fire resistance 1, frail 1,
shaggy fur 1, strong 1, teleportitis 1, sanguine armour 1
a: Evoke Berserk Rage


You were on level 5 of the Dungeon.
You were not hungry.

You visited 1 branch of the dungeon, and saw 5 of its levels.
You also visited: Sewer.

You collected 122 gold pieces.

Inventory:

Hand Weapons
 a - a +2 long sword (weapon)
Armour
 b - a +0 scale mail (worn)
 c - a +0 shield (worn)
 g - a +0 helmet
 j - a +0 pair of gloves (worn)
 m - a +0 pair of boots (worn)
 n - a +0 cloak (worn)
Jewellery
 d - an amulet of rage (around neck)
 l - a ring of protection from fire (left hand)
 u - an uncursed amulet of magic regeneration
Scrolls
 e - 3 scrolls of identify
 i - 2 scrolls of enchant armour {unknown}
 k - 2 scrolls of recharging {unknown}
 o - a scroll of enchant weapon
 q - a scroll of remove curse {unknown}
 r - a scroll of blinking {unknown}
 s - a scroll of teleportation
 y - a scroll of magic mapping
 A - a scroll of fog {unknown}
Potions
 h - 2 potions of curing
 v - 2 potions of flight
 w - a potion of ambrosia
 x - a potion of resistance
 z - 2 potions of berserk rage
 C - a potion of magic {unknown}
 D - 2 potions of brilliance {unknown}
Comestibles
 f - 3 bread rations
 p - 2 royal jellies
 t - 2 meat rations
 B - 3 chunks of flesh


   Skills:
 + Level 4.7 Fighting
 * Level 5.3 Long Blades
 + Level 4.4 Armour
 + Level 2.5 Dodging
 + Level 4.5 Shields


You had 7 spell levels left.
You didn't know any spells.

Dungeon Overview and Level Annotations

Branches:
Dungeon (5/15)
 Temple: D:4-7

Altars:
Makhleb
Vehumet
Yredelemnul


Innate Abilities, Weirdness & Mutations

You have sharp toenails.
A weak demonic guardian rushes to your aid.
Your flesh is heat resistant. (rF+)
When seriously injured, your bleeding wounds create armour. (AC +0)
You are agile. (Dex +2)
You possess an exceptional clarity of mind.
You are frail. (-10% HP)
You are covered in fur. (AC +1)
Your muscles are strong. (Str +2)
You are occasionally teleported next to monsters.


Message History

You closely miss the worker ant.
The worker ant is severely wounded.
The worker ant bites you but does no damage.
You closely miss the worker ant.
The worker ant is severely wounded.
The worker ant misses you.
You slash the worker ant!
You kill the worker ant!
You are no longer berserk.
You are exhausted.
You feel yourself slow down.
Items here: )) [[ ††
B - 3 chunks of flesh
Items here: )) [[ † an enchanted mace; a leather armour; a halberd; a robe the orc corpse of Blork the orc
(D) Dungeon
Where to? (Enter - D:5, ? - help) Sorry, I don't know how to get there.
Are you sure you want to abandon this character and quit the game? (Confirm with "yes".)

.....
.....
...
...
#.#
#.#
#)#
#.#
#@#
#.#
#.#
#.#
#.#
#.##
#..#
##.#
#.#


There were no monsters in sight!

Vanquished Creatures
  2 ogres (D:4)
  Blork the orc (D:5)
  A big kobold (Sewer)
  A bullfrog (D:4)
  2 scorpions
  A howler monkey (D:4)
  A hound (D:4)
  A centaur skeleton (D:4)
  3 orc priests (D:4)
  3 orc wizards (D:4)
  Crazy Yiuf (D:2)
  Ijyb (D:2)
  Terence (D:3)
  2 worker ants
  6 adders
  An ooze (D:3)
  5 worms
  A dart slug (D:1)
  5 leopard geckos (D:3)
  6 orcs
  5 giant cockroaches
  4 goblins
  11 hobgoblins
  4 jackals
  14 kobolds
  4 quokkas
  10 bats
  3 frilled lizards
  10 rats
110 creatures vanquished.

Notes
Turn   | Place    | Note
-------+----------+-------------------------------------------
     0 | D:1      | Alarkh the Demonspawn Fighter began the quest for the Orb.
     0 | D:1      | Reached XP level 1. HP: 18/18 MP: 1/1
    54 | D:1      | Reached skill level 2 in Long Blades
   376 | D:1      | Gained mutation: When seriously injured, your bleeding wounds create armour. (AC +0) [demonic ancestry]
   376 | D:1      | Reached XP level 2. HP: 24/24 MP: 2/2
   926 | D:2      | Gained mutation: You have sharp toenails. [demonic ancestry]
   926 | D:2      | Reached XP level 3. HP: 24/29 MP: 3/3
  1435 | D:2      | Gained mutation: Your flesh is heat resistant. (rF+) [demonic ancestry]
  1435 | D:2      | Reached XP level 4. HP: 35/35 MP: 4/4
  1675 | D:2      | Noticed Ijyb
  1695 | D:2      | Killed Ijyb
  1695 | D:2      | Reached skill level 3 in Long Blades
  2063 | D:2      | Found a runed door.
  2068 | D:2      | Gained mutation: You expend magic power (3 MP) to strengthen your wands. [potion of mutation]
  2068 | D:2      | Gained mutation: You are occasionally teleported next to monsters. [potion of mutation]
  2068 | D:2      | Gained mutation: You have a pair of small horns on your head. [potion of mutation]
  2068 | D:2      | Gained mutation: Your system is resistant to poisons. (rPois) [potion of mutation]
  2069 | D:2      | Lost mutation: You expend magic power (3 MP) to strengthen your wands. [potion of mutation]
  2069 | D:2      | Lost mutation: Your system is resistant to poisons. (rPois) [potion of mutation]
  2069 | D:2      | Gained mutation: You are agile. (Dex +2) [potion of mutation]
  2069 | D:2      | Gained mutation: You have a pair of horns on your head. [potion of mutation]
  2069 | D:2      | Gained mutation: You have a pair of large horns on your head. [potion of mutation]
  2070 | D:2      | Noticed Crazy Yiuf
  2077 | D:2      | Killed Crazy Yiuf
  2077 | D:2      | Reached XP level 5. HP: 38/42 MP: 5/5
  2145 | D:3      | Noticed Terence
  2163 | D:3      | Killed Terence
  2217 | D:3      | Found a radiant altar of Vehumet.
  2217 | D:3      | Found a burning altar of Makhleb.
  2219 | D:3      | Found a basalt altar of Yredelemnul.
  2272 | D:3      | Reached skill level 1 in Dodging
  2609 | D:3      | Found a glowing drain.
  2622 | Sewer    | Entered a sewer
  2691 | Sewer    | Reached XP level 6. HP: 37/48 MP: 6/6
  2806 | Sewer    | Found a glowing silver altar of Zin.
  3230 | D:3      | Reached skill level 4 in Long Blades
  3677 | D:4      | Reached XP level 7. HP: 20/54 MP: 7/7
  4032 | D:4      | Reached skill level 5 in Long Blades
  4429 | D:4      | Lost mutation: You have a pair of large horns on your head. [potion of mutation]
  4429 | D:4      | Lost mutation: You have a pair of horns on your head. [potion of mutation]
  4429 | D:4      | Lost mutation: You have a pair of small horns on your head. [potion of mutation]
  4429 | D:4      | Gained mutation: You are covered in fur. (AC +1) [potion of mutation]
  4429 | D:4      | Gained mutation: You are frail. (-10% HP) [potion of mutation]
  4429 | D:4      | Gained mutation: Your muscles are strong. (Str +2) [potion of mutation]
  4429 | D:4      | Gained mutation: You possess an exceptional clarity of mind. [potion of mutation]
  4437 | D:5      | Entered Level 5 of the Dungeon
  4468 | D:5      | Noticed Blork the orc
  4476 | D:5      | Killed Blork the orc
  4479 | D:5      | Gained mutation: A weak demonic guardian rushes to your aid. [demonic ancestry]
  4479 | D:5      | Reached XP level 8. HP: 54/54 MP: 8/8
  4489 | D:5      | Quit the game

Vault maps used:
D:1:      evilmike_arrival_plus, corner_web_ring, hangedman_decor_slide_cut,
          minivault_26
D:2:      first_bread, uniq_iyjb, uniq_crazy_yiuf_cottage
D:3:      minmay_wonky_spiral, nicolae_overflow_hidden_temple,
          gup_sewer_entry_pipe, uniq_terence
D:5:      minmay_temple_entry_butterflies, nemelex_spade_bored_becter,
          uniq_blork_the_orc, uniq_menkaure
Sewer:    sewer_kobolds

Skill      XL: |  1  2  3  4  5  6  7 |
---------------+----------------------+-----
Long Blades    | 2 3 4 5 |  5.3
Shields        | 3 4 |  4.5
Armour         | 3 4 |  4.4
Dodging        | 1 2 |  2.5
Fighting       | 4 |  4.7

Action                   |  1- 3 |  4- 6 |  7- 9 || total
-------------------------+-------+-------+-------++-------
Melee: Long sword        |   118 |   238 |    59 ||   415
       Headbutt          |       |    28 |    12 ||    40
  Use: Potion            |     2 |     5 |     2 ||     9
       Scroll            |       |     6 |       ||     6
  Eat: Chunk             |     2 |     7 |     3 ||    12
Armor: Scale mail        |   106 |   173 |    17 ||   296
Dodge: Dodged            |    52 |    94 |    20 ||   166
Block: Shield            |    85 |   159 |    27 ||   271
       Rpst.: Long sword |    14 |    29 |     4 ||    47
